 Dungeon Crawl Stone Soup version 0.23.2-33-g5129a83184 (webtiles) character file.

Game seed: 12114083144121842498

60099 Gwenloh the Cruncher (level 14, -6/127 HPs)
             Began as a Minotaur Gladiator on July 7, 2019.
             Was the Champion of Zin.
             Shot with an arrow by a centaur warrior (12 damage)
             ... on level 13 of the Dungeon on July 9, 2019.
             The game lasted 01:51:31 (22019 turns).

Gwenloh the Cruncher (Minotaur Gladiator)          Turns: 22019, Time: 01:51:31

Health: -6/127     AC: 22    Str: 22    XL:     14   Next: 55%
Magic:  30/30      EV: 22    Int:  8    God:    Zin [******]
Gold:   1596       SH:  0    Dex: 26    Spells: 13/13 levels left

rFire    . . .     SeeInvis .   a - +3 quarterstaff
rCold    . . .     Gourm    .   (shield currently unavailable)
rNeg     + . .     Faith    .   w - +2 scale mail of Responsibility {rN+ MR+ MP+9 Dex+4}
rPois    ∞         Spirit   .   A - +2 hat
rElec    .         Reflect  .   L - +2 cloak {MR+}
rCorr    +         Harm     +   y - +3 pair of gloves "Cylun" {Dex+2}
MR       +++..                  (no boots)
Stlth    +.........             x - amulet of harm
HPRegen  0.31/turn              N - ring of resist corrosion
MPRegen  0.22/turn              D - +1 ring of protection

@: vitalised, very slightly contaminated
A: retaliatory headbutt, horns 2
a: Recite, Vitalisation, Imprison, Sanctuary, Donate Gold, Renounce Religion


You were on level 13 of the Dungeon.
You worshipped Zin.
Zin was exalted by your worship.
You were near starving.

You visited 3 branches of the dungeon, and saw 21 of its levels.

You collected 2093 gold pieces.
You spent 243 gold pieces at shops.
You donated 254 gold pieces to Zin.

Inventory:

Hand Weapons
 a - a +3 quarterstaff (weapon)
 b - a +0 shortbow
 G - a +0 quarterstaff of speed
Missiles
 d - 7 throwing nets
 n - 17 tomahawks (quivered)
 r - 132 arrows
Armour
 w - the +2 scale mail of Responsibility (worn) {rN+ MR+ MP+9 Dex+4}
   (You bought it in a shop on level 8 of the Dungeon)

   It affects your dexterity (+4).
   It protects you from negative energy.
   It affects your resistance to hostile enchantments.
   It affects your magic capacity (+9).
 y - the +3 pair of gloves "Cylun" (worn) {Dex+2}
   (You found it on level 6 of the Dungeon)

   It affects your dexterity (+2).
 A - a +2 hat (worn)
 L - a +2 cloak of magic resistance (worn)
Jewellery
 c - an uncursed amulet of faith
 k - an uncursed ring of wizardry
 x - an amulet of harm (around neck)
 D - a +1 ring of protection (right hand)
 E - an uncursed ring of fire
 N - a ring of resist corrosion (left hand)
 P - a +2 ring of dexterity
Wands
 m - a wand of paralysis (10)
 z - a wand of scattershot (2)
 C - a wand of disintegration (26)
 K - a wand of acid (10)
 O - a wand of iceblast (15)
Scrolls
 e - 16 scrolls of remove curse
 g - 4 scrolls of magic mapping
 i - 10 scrolls of teleportation
 u - 2 scrolls of blinking
 Q - 2 scrolls of enchant weapon
 R - 2 scrolls of fear
 S - a scroll of fog
Potions
 h - 6 potions of curing
 l - 4 potions of agility
 o - 4 potions of flight
 q - a potion of resistance
 s - 2 potions of berserk rage
 t - 3 potions of invisibility
 v - 2 potions of brilliance
 B - 2 potions of ambrosia
 H - 5 potions of mutation
 M - 2 potions of might
Miscellaneous
 p - a lamp of fire
 F - a phial of floods
 I - a fan of gales
Comestibles
 f - 48 rations


   Skills:
 + Level 12.8 Fighting
 * Level 13.7 Staves
 + Level 8.1 Bows
 - Level 2.0 Throwing
 * Level 13.3 Armour
 * Level 12.8 Dodging
 * Level 10.9 Invocations


You had 13 spell levels left.
You didn't know any spells.
Your spell library contained the following spells:

 Spells                   Type           Power        Failure   Level  Hunger
 Confusing Touch          Hex            #.....       65%         1    ##.....
 Corona                   Hex            #......      65%         1    ##.....
 Summon Small Mammal      Summ           #...         65%         1    ##.....
 Call Imp                 Summ           #.......     80%         2    ###....
 Ensorcelled Hibernation  Hex/Ice        #.....       80%         2    ###....
 Call Canine Familiar     Summ           #.......     95%         3    ####...
 Confuse                  Hex            #.......     95%         3    ####...
 Dazzling Spray           Conj/Hex       #.....       95%         3    ####...
 Gell's Gravitas          Tloc           #.........   95%         3    ####...
 Summon Guardian Golem    Hex/Summ       #.......     95%         3    ####...
 Tukima's Dance           Hex            #.......     95%         3    ####...
 Petrify                  Tmut/Erth      #.......     100%        4    #####..
 Summon Ice Beast         Ice/Summ       #.......     100%        4    #####..
 Summon Lightning Spire   Summ/Air       #.......     100%        4    #####..
 Bolt of Magma            Conj/Fire/Erth #.........   100%        5    ######.
 Iskenderun's Battlesphe  Conj/Chrm      #.......     100%        5    ######.
 Metabolic Englaciation   Hex/Ice        #.........   100%        5    ######.
 Venom Bolt               Conj/Pois      #.........   100%        5    ######.
 Yara's Violent Unravell  Hex/Tmut       #.........   100%        5    ######.
 Iron Shot                Conj/Erth      #.........   100%        6    #######
 Orb of Destruction       Conj           #.........   100%        7    #######
 Spellforged Servitor     Conj/Summ      #.........   100%        7    #######


Dungeon Overview and Level Annotations

Branches:
Dungeon (14/15)            Temple (0/1) D:5            Lair (5/6) D:10
  Swamp (0/4) Lair:4        Snake (0/4) Lair:3        Slime (0/5) Lair:5
    Orc (2/2) D:10            Elf (0/3) Orc:2
 Vaults: D:13-14

Altars:
Cheibriados
Dithmenos
Hepliaklqana
Kikubaaqudgha
Makhleb
Qazlal
Ru
Sif Muna
Uskayaw
Xom
Zin
Beogh
Jiyva

Shops:
D:7 (   D:8 ![*}[   D:12 *   Orc:2 [[*}

Annotations:
D:7 troglodite's ghost, novice GnWn


Innate Abilities, Weirdness & Mutations

You reflexively headbutt those who attack you in melee.
You have a pair of horns on your head.


Message History

The red ugly thing is seared!
The red ugly thing is seared!
The red ugly thing is seared!
The red ugly thing is seared!
The red ugly thing is seared!
You kill the red ugly thing!
Zin accepts your kill.
There is an open door here.
The centaur warrior shoots an arrow.
The arrow completely misses you.
The centaur warrior shoots an arrow.
The arrow hits you!
* * * LOW HITPOINT WARNING * * *
You see here an arrow.
The centaur warrior shoots an arrow.
The arrow hits you!!
* * * LOW HITPOINT WARNING * * *
There is an open door, spattered with blood here.
You see here an arrow.
The centaur warrior shoots an arrow.
The arrow hits you. Zin protects you from harm!
The centaur warrior shoots an arrow.
The arrow hits you!
You die...

#.# ##.## #..# ##.......# #.#
#..# #..# #........#
#.#####.###..# #........#
#.....#......# #........#
#.....#......# #.........
#.....#.....[##################
#.....#......(c....c.†.....# #
#.#####....#c#############.# #
###÷# #....#.#@# #.# #
..[.#######..#.#.# #.# #
.........###.#.#.# #########'##
# .........###.u.#.#
#....c.....# #
..........###.c#.# #..........#
..........#
#D>#.###..........###
..........#
##.#.c.((.........'..
..........#
#.#####(.........###
..........# #.# #..........'..


You could see a centaur warrior.

Vanquished Creatures
  A ghoul (D:13)
  Harold (Lair:2)
  5 hydras
  A catoblepas (D:13)
  7 two-headed ogres
  A centaur warrior (D:14)
  A tengu warrior (D:13)
  Urug (Lair:2)
  8 orc high priests (Orc:2)
  The ghost of bmj180 the Carver, a novice MiFi (D:8)
  2 unseen horrors
  4 deep elf magi
  4 ugly things
  3 manticores
  A cyclops (D:13)
  5 black mambas
  Maurice (D:10)
  Joseph (D:9)
  8 spiny frogs
  A rime drake (shapeshifter) (D:13)
  An efreet (D:14)
  4 komodo dragons
  9 trolls
  3 tengu conjurers (D:13)
  3 meliai (D:12)
  A queen bee (D:12)
  2 tyrant leeches (Lair:4)
  5 slime creatures (D:13)
  2 dream sheep (D:10)
  11 hippogriffs
  5 blink frogs (Lair:3)
  A meliai zombie (D:11)
  A wyvern (D:12)
  2 shadows
  34 yaks
  3 basilisks
  A hungry ghost (D:13)
  3 vampire mosquitoes (D:13)
  2 nagas (Lair:3)
  A swamp worm (Lair:4)
  5 wargs (Orc:2)
  11 water moccasins
  6 porcupines
  5 sky beasts
  A black bear (D:7)
  7 orc warriors
  6 ice beasts
  A hornet zombie (D:13)
  3 necrophages (D:12)
  11 ogres
  3 phantoms
  4 wolves (Lair:3)
  4 centaurs
  9 crocodiles
  8 big kobolds
  16 bullfrogs
  A gnoll sergeant (D:7)
  4 wyvern zombies
  A wyvern skeleton (D:10)
  7 scorpions
  A water moccasin skeleton (D:11)
  29 killer bees
  4 wights (D:12)
  5 jellies
  5 crimson imps
  2 quasits
  A bullfrog zombie (D:5)
  29 orc priests
  A bullfrog skeleton (D:12)
  6 centaur zombies
  6 hounds
  A gnoll shaman (D:3)
  13 orc wizards
  4 centaur skeletons
  Terence (D:2)
  5 hell rats (Lair:1)
  2 iguanas
  6 worker ants
  5 hound skeletons
  2 mummies (D:13)
  A worker ant zombie (D:5)
  A howler monkey skeleton (D:10)
  15 gnolls
  8 adders
  4 river rats (Lair:1)
  A hound simulacrum (D:8)
  2 shadow imps
  2 white imps (D:8)
  An ooze (D:3)
  2 adder skeletons
  2 worms
  5 dart slugs
  4 leopard geckos
  86 orcs
  2 ball pythons
  6 giant cockroaches
  7 goblins
  9 hobgoblins
  5 jackals
  3 quokkas
  12 bats
  6 frilled lizards
  23 kobolds
  A quokka simulacrum (D:8)
  A quokka skeleton (D:9)
  9 rats
610 creatures vanquished.

Vanquished Creatures (collateral kills)
  An oklob plant (Lair:3)
1 creature vanquished.

Vanquished Creatures (others)
  An orc (D:13)
  2 pillars of salt (D:12)
  4 plants
  A withered plant (D:13)
8 creatures vanquished.

Grand Total: 619 creatures vanquished

Notes
Turn   | Place    | Note
-------+----------+-------------------------------------------
     0 | D:1      | Gwenloh the Minotaur Gladiator began the quest for the Orb.
     0 | D:1      | Reached XP level 1. HP: 18/18 MP: 0/0
   131 | D:1      | Reached XP level 2. HP: 25/25 MP: 1/1
   223 | D:1      | Reached skill level 1 in Armour
   612 | D:1      | Reached XP level 3. HP: 30/30 MP: 2/2
   817 | D:2      | Reached XP level 4. HP: 38/38 MP: 3/3
   846 | D:2      | Noticed Terence
   855 | D:2      | Killed Terence
  1033 | D:2      | Noticed a phantom
  1039 | D:2      | Killed a phantom
  1039 | D:2      | Reached XP level 5. HP: 46/46 MP: 4/4
  1174 | D:2      | Reached skill level 5 in Staves
  1463 | D:3      | Found a faded altar of an unknown god.
  1540 | D:3      | Reached XP level 6. HP: 40/52 MP: 5/5
  2014 | D:3      | Found a glowing silver altar of Zin.
  2014 | D:3      | Found a burning altar of Makhleb.
  2015 | D:3      | Noticed a balrug
  2015 | D:3      | Noticed an angel
  2101 | D:3      | Became a worshipper of Zin the Law-Giver
  2143 | D:3      | Reached * piety under Zin
  2308 | D:4      | Donated 47 gold pieces to Zin
  2571 | D:4      | Reached skill level 5 in Dodging
  2988 | D:4      | Reached skill level 1 in Invocations
  3054 | D:4      | Reached ** piety under Zin
  3281 | D:4      | Reached XP level 7. HP: 58/60 MP: 6/6
  3430 | D:5      | Entered Level 5 of the Dungeon
  3443 | D:5      | Reached skill level 5 in Fighting
  3763 | D:5      | Found a shimmering altar of Xom.
  4277 | D:5      | Reached *** piety under Zin
  4315 | D:5      | Found a staircase to the Ecumenical Temple.
  4379 | D:5      | Found a sacrificial altar of Ru.
  4382 | D:5      | Found a hide-covered altar of Uskayaw.
  4383 | D:5      | Found a deep blue altar of Sif Muna.
  4383 | D:5      | Found a stormy altar of Qazlal.
  4387 | D:5      | Found a hazy altar of Hepliaklqana.
  4464 | D:6      | Reached skill level 5 in Armour
  4464 | D:6      | Reached XP level 8. HP: 66/70 MP: 8/8
  4798 | D:6      | Got a pair of blackened gloves
  4804 | D:6      | Identified the +3 pair of gloves "Cylun" {Dex+2} (You found
                  | it on level 6 of the Dungeon)
  5294 | D:7      | Reached skill level 1 in Bows
  5879 | D:7      | Found Sottogu's Antique Weapon Boutique.
  5994 | D:7      | Found a transporter.
  5996 | D:7      | Noticed troglodite's ghost (novice GnWn)
  5997 | D:7      | Found a transporter.
  5997 | D:7      | Identified the +6 dire flail of the Lamprey {flame, rC+}
  5997 | D:7      | Noticed a two-headed ogre
  6136 | D:7      | Reached **** piety under Zin
  6182 | D:7      | Reached XP level 9. HP: 75/78 MP: 9/11
  6608 | D:8      | Found Unydaw's Gadget Shoppe.
  6611 | D:8      | Found Jyejiasa's Armour Boutique.
  6676 | D:8      | Found Zoxuot's General Store.
  6714 | D:8      | Found a runed translucent gate.
  6714 | D:8      | Found a runed translucent gate.
  6714 | D:8      | Found a runed translucent gate.
  7071 | D:8      | Found Puntecs's Antique Armour Shoppe.
  7080 | D:8      | Bought a fine scale mail for 243 gold pieces
  7090 | D:8      | Identified the +2 scale mail of Responsibility {rN+ MR+
                  | MP+9 Dex+4} (You bought it in a shop on level 8 of the
                  | Dungeon)
  7344 | D:8      | Found Qudic's Distillery.
  7442 | D:8      | Noticed bmj180's ghost (novice MiFi)
  7565 | D:8      | Killed bmj180's ghost
  7797 | D:9      | Noticed a troll
  7848 | D:8      | Killed a troll
  7848 | D:8      | Reached skill level 5 in Invocations
  8151 | D:9      | Noticed Joseph
  8163 | D:9      | Killed Joseph
  8163 | D:9      | Reached XP level 10. HP: 82/88 MP: 12/12
  8238 | D:9      | Found a snail-covered altar of Cheibriados.
  8261 | D:9      | Reached ***** piety under Zin
  8706 | D:9      | Noticed a two-headed ogre
  8730 | D:9      | Killed a two-headed ogre
  9128 | D:9      | Killed an unseen horror
  9192 | D:10     | Entered Level 10 of the Dungeon
  9235 | D:10     | Noticed a two-headed ogre
  9305 | D:10     | Noticed a two-headed ogre
  9305 | D:10     | Noticed a two-headed ogre
  9322 | D:9      | Killed a two-headed ogre
  9670 | D:10     | Killed a two-headed ogre
  9687 | D:10     | Killed a two-headed ogre
  9687 | D:10     | Reached XP level 11. HP: 52/97 MP: 15/15
  9980 | D:10     | Found a staircase to the Lair.
 10115 | D:10     | Noticed Maurice
 10131 | D:10     | Killed Maurice
 10224 | D:10     | Found a shimmering altar of Xom.
 10229 | D:10     | Noticed a deep elf mage
 10254 | D:10     | Killed a deep elf mage
 10254 | D:10     | Reached skill level 10 in Staves
 10467 | D:10     | Reached skill level 5 in Bows
 10547 | D:10     | Noticed a two-headed hydra
 10555 | D:10     | Killed a two-headed hydra
 10555 | D:10     | Reached skill level 10 in Fighting
 10630 | D:10     | Found an ancient bone altar of Kikubaaqudgha.
 10675 | D:10     | Found a staircase to the Orcish Mines.
 10821 | Lair:1   | Entered Level 1 of the Lair of Beasts
 10982 | Lair:1   | Reached skill level 10 in Armour
 11130 | Lair:1   | Reached skill level 10 in Dodging
 11635 | Lair:1   | Reached XP level 12. HP: 107/107 MP: 16/16
 12105 | Lair:2   | Noticed Harold
 12118 | Lair:2   | Killed Harold
 12178 | Lair:2   | Noticed a seven-headed hydra
 12192 | Lair:2   | Killed a seven-headed hydra
 12565 | Lair:2   | Noticed Urug
 12590 | Lair:2   | Killed Urug
 13095 | Lair:3   | Found a staircase to the Snake Pit.
 13133 | Lair:3   | Noticed a seven-headed hydra
 13169 | Lair:2   | Killed a seven-headed hydra
 14195 | Lair:4   | Noticed a four-headed hydra
 14204 | Lair:4   | Killed a four-headed hydra
 14241 | Lair:4   | Reached XP level 13. HP: 103/117 MP: 18/18
 14377 | Lair:4   | Found a staircase to the Swamp.
 15517 | Lair:5   | Reached ****** piety under Zin
 15731 | Lair:5   | Found a runed translucent door.
 15731 | Lair:5   | Found a viscous altar of Jiyva.
 15732 | Lair:5   | Found a staircase to the Slime Pits.
 15989 | Orc:1    | Entered Level 1 of the Orcish Mines
 16471 | Orc:2    | Entered Level 2 of the Orcish Mines
 17077 | Orc:2    | Found Loopiaff's Gadget Emporium.
 17077 | Orc:2    | Found Onuet's Assorted Antiques.
 17190 | Orc:2    | Found Loosch's Antique Armour Emporium.
 17190 | Orc:2    | Found Fome's Antique Armour Boutique.
 17460 | Orc:2    | Found a staircase to the Elven Halls.
 17614 | Orc:2    | Found a roughly hewn altar of Beogh.
 17870 | D:11     | Reached skill level 10 in Invocations
 18085 | D:11     | Found a snail-covered altar of Cheibriados.
 18176 | D:11     | Found a shadowy altar of Dithmenos.
 19017 | D:12     | Found Biet's Mayhem Merchandise.
 19238 | D:12     | Reached XP level 14. HP: 60/127 MP: 20/20
 20912 | D:13     | Noticed a ghoul
 20942 | D:13     | Killed a ghoul
 22011 | D:13     | HP: 3/127 [centaur warrior/arrow (25)]
 22019 | D:13     | Zin protects you from harm!
 22019 | D:13     | Shot with an arrow by a centaur warrior

Skill      XL: |  1  2  3  4  5  6  7  8  9 10 11 12 13 14 |
---------------+-------------------------------------------+-----
Armour         | 1 2 3 4 5 6 7 9 10 11 12 13 | 13.3
Staves         | 4 5 6 7 8 9 10 11 13 | 13.7
Fighting       | 3 4 5 6 8 9 10 11 12 | 12.8
Dodging        | 4 5 6 7 9 10 11 12 | 12.8
Invocations    | 1 2 4 5 6 7 9 10 | 10.9
Bows           | 2 3 4 5 6 7 8 |  8.1
Throwing       | |  2.0

Action                   |  1- 3 |  4- 6 |  7- 9 | 10-12 | 13-15 || total
-------------------------+-------+-------+-------+-------+-------++-------
Melee: Quarterstaff      |    57 |   131 |   233 |   539 |   644 ||  1604
       Headbutt          |     7 |    19 |    64 |   181 |   204 ||   475
 Fire: Shortbow          |       |       |    66 |   184 |   288 ||   538
Throw: Tomahawk          |       |       |     1 |       |       ||     1
Invok: Recite            |       |     1 |    10 |     7 |    13 ||    31
       Donate Gold       |       |     1 |       |       |       ||     1
       Vitalisation      |       |       |     1 |    17 |    20 ||    38
Evoke: Wand              |       |       |       |     2 |       ||     2
       Fan of gales      |       |       |       |     1 |       ||     1
       Phial of floods   |       |       |       |     1 |       ||     1
  Use: Scroll            |     3 |     7 |     6 |     3 |    10 ||    29
       Potion            |       |       |     1 |       |     3 ||     4
 Stab: Confused          |       |       |     2 |     2 |     5 ||     9
       Invisible         |       |       |       |     1 |     4 ||     5
       Paralysed         |       |       |       |       |     9 ||     9
       Petrified         |       |       |       |       |     3 ||     3
  Eat: Chunk             |       |     8 |     9 |    15 |     9 ||    41
       Ration            |       |       |     2 |     1 |     4 ||     7
Armor: Leather armour    |    16 |    13 |       |       |       ||    29
       Ring mail         |       |     5 |    40 |       |       ||    45
       Scale mail        |       |       |    44 |   235 |   162 ||   441
Dodge: Dodged            |    28 |    73 |   148 |   480 |   535 ||  1264
